 Dungeon Crawl Stone Soup version 0.27.1-3-gb3d3a73c9e (webtiles) character file.

Game seed: 16224876876539033272

49 Crownlay the Poker (level 3, -10/27 HPs)
             Began as a Merfolk Gladiator on Oct 29, 2021.
             Mangled by an orc (13 damage)
             ... on level 3 of the Dungeon.
             The game lasted 00:03:05 (1956 turns).

Crownlay the Poker (Merfolk Gladiator)              Turns: 1956, Time: 00:03:05

Health: -10/27     AC:  5    Str: 15    XL:     3   Next: 75%
Magic:  3/3        EV: 13    Int:  7    God:
Gold:   109        SH:  0    Dex: 15    Spells: 2/2 levels left

rFire    . . .     SeeInvis .   a - +0 trident
rCold    . . .     Faith    .   (no shield)
rNeg     . . .     Spirit   .   b - +0 leather armour
rPois    .         Reflect  .   j - +1 helmet
rElec    .         Harm     .   (no cloak)
rCorr    .         Rampage  .   (no gloves)
Will     .....                  (no boots)
Stlth    +.........             (no amulet)
HPRegen  0.09/turn              (no ring)
MPRegen  0.08/turn              (no ring)

@: no status effects
A: (nimble swimmer 2), mertail
a: no special abilities


You were on level 3 of the Dungeon.
You visited 1 branch of the dungeon, and saw 3 of its levels.

You collected 109 gold pieces.

Inventory:

Hand Weapons
 a - a +0 trident (weapon)
Missiles
 d - 3 throwing nets (quivered)
Armour
 b - a +0 leather armour (worn)
 j - a +1 helmet (worn)
Scrolls
 g - 3 scrolls of identify {unknown}
 i - a scroll of noise {unknown}
 k - a scroll of vulnerability {unknown}
 l - a scroll of brand weapon {unknown}
 m - a scroll of acquirement {unknown}
Potions
 c - a potion of heal wounds {unknown}
 e - a potion of lignification {unknown}
 f - a potion of haste {unknown}
 h - 2 potions of curing {unknown}


   Skills:
 - Level 2.1 Fighting
 * Level 6.7 Polearms
 - Level 2.0 Throwing
 - Level 4.0 Dodging


You had 2 spell levels left.
You didn't know any spells.
Your spell library was empty.

Dungeon Overview and Level Annotations

Branches:
Dungeon (3/15)

Altars:


Innate Abilities, Weirdness & Mutations

((You are quick and stealthy near water. (Stealth+, EV+, Speed+++)))
Your lower body shifts to a powerful aquatic tail in water.


Message History

The orc misses you.
You are too injured to fight recklessly!
You are too injured to fight recklessly!
Things that are here:
a +0 club; an orc corpse
There is a stone staircase leading up here.
The orc hits you with a +0 club.
* * * LOW HITPOINT WARNING * * *
You climb upwards.
There is a stone staircase leading down here.
You are too injured to fight recklessly!
Throw: 3 throwing nets
Press: ? - help, Q - select action Shift-Dir - straight line, f - orc
Aim: an orc, wielding a +0 club (60% to hit)
You throw a throwing net. The throwing net hits the orc.
The orc is caught in the net!
The orc struggles against the net.
You are too injured to fight recklessly!
You are too injured to fight recklessly!
You are too injured to fight recklessly!
You puncture the orc!
You kill the orc!
d - 3 throwing nets (gained 1)
There is a stone staircase leading down here.
Things that are here:
a +0 club; an orc corpse HP restored.
Done exploring.
You climb downwards.
The orc hits you with a +2 whip of electrocution.
The orc closely misses you. The orc hits you but does no damage.
You are electrocuted!!
Ouch! That really hurt!
* * * LOW HITPOINT WARNING * * *
There is a stone staircase leading up here.
The orc misses you.
The orc hits you with a +2 whip of electrocution.
* * * LOW HITPOINT WARNING * * *
You are electrocuted!
You die...

.. ## ##....
##..#. .... ...
#.# ##รท# #
#.o##########...
#@o..g.J........
########........
#.........
#.r.......
#...".....
..........
#..........
.......####
........#


You could see 2 orcs, an endoplasm and a goblin.

Vanquished Creatures
  An adder (D:2)
  A worm (D:2)
  2 orcs
  5 bats
  4 endoplasms
  4 hobgoblins (D:2)
  4 jackals (D:2)
  5 ball pythons
  A frilled lizard (D:2)
  3 goblins (D:2)
  A rat (D:1)
31 creatures vanquished.

Notes
Turn   | Place    | Note
-------+----------+-------------------------------------------
     0 | D:1      | Crownlay the Merfolk Gladiator began the quest for the Orb.
     0 | D:1      | Reached XP level 1. HP: 16/16 MP: 1/1
   551 | D:2      | Reached skill level 5 in Polearms
   554 | D:2      | Reached XP level 2. HP: 22/22 MP: 2/2
  1038 | D:2      | Reached skill level 6 in Polearms
  1038 | D:2      | Reached XP level 3. HP: 19/27 MP: 3/3
  1956 | D:3      | Mangled by an orc

Illustrated notes

Levels and vault maps discovered:
D:1:      eino_arrival_tree_alley, layout_rooms
D:2:      layout_loops_ring, serial_aquarium, aquarium_bridge_straight
          [aquarium_subvault_bridge, aquarium_subvault_wall,
          aquarium_subvault_bridge, aquarium_subvault_wall],
          aquarium_window_fake, aquarium_window_fake, aquarium_window_1,
          aquarium_view_2c, aquarium_view_2b, minivault_24
D:3:      layout_rooms, mainiacjoe_overflow_24_doors, serial_curves,
          eino_curves_01, eino_curves_03, chequers_ecumenical_altar_simple,
          kennysheep_generic_room_6

Skill      XL: |  1  2 |
---------------+-------+-----
Polearms       | 5 6 |  6.7
Fighting       | |  2.1
Throwing       | |  2.0
Dodging        | |  4.0

Action                   || total
-------------------------++-------
Melee: Trident           ||    98
Throw: Throwing net      ||     1
 Stab: Sleeping          ||     1
Armor: Leather armour    ||    30
Dodge: Dodged            ||    62
